 Dungeon Crawl Stone Soup version 0.30-a0-1160-g6e42c06551 (webtiles) character file.

Game seed: 8035789118154501575

16851 Maxmaps the Fighter (level 12, -5/108 HPs)
             Began as a Demonspawn Monk on Apr 26, 2023.
             Was an Initiate of Gozag.
             Slain by a frost giant
             ... wielding a +1 battleaxe of freezing
              (27 damage)
             ... in an ice cave.
             The game lasted 00:18:55 (11789 turns).

Maxmaps the Fighter (Demonspawn Monk)              Turns: 11789, Time: 00:18:57

Health: -5/108     AC: 19    Str: 12    XL:     12   Next: 13%
Magic:  12/12      EV:  8    Int: 16    God:    Gozag
Gold:   596        SH: 17    Dex: 16    Spells: 11/11 levels left

rFire   + . .        b - +1 short sword (venom)
rCold   + + .        y - +0 kite shield
rNeg    + . .        d - +0 plate armour of Loss {rC+ Regen+}
rPois   +            (no helmet)
rElec   +            E - +0 cloak
rCorr   +            (no gloves)
SInv    .            m - +1 pair of boots
Will    .....        A - amulet of reflection Stlth
                     H - +5 ring of evasion
HPRegen 1.18/turn    g - ring of positive energy
MPRegen 0.13/turn

%: reflection
@: resistant
A: hooves 1, foul stench 2, spiny 3, sharp scales 2
a: Renounce Religion, Potion Petition, Call Merchant, Bribe Branch


You were in an ice cave.
You worshipped Gozag.
Gozag was pleased with you.
You visited 2 branches of the dungeon, and saw 12 of its levels.
You also visited: Ossuary, Bailey and Ice Cave.

You collected 2845 gold pieces.
You spent 700 gold pieces at shops.
You paid 1549 gold pieces to Gozag.

Inventory:

Hand Weapons
 b - a +1 short sword of venom (weapon)
Armour
 c - an orb of light
 d - the +0 plate armour of Loss (worn) {rC+ Regen+}
   (You bought it in a shop on level 11 of the Dungeon)

   rC:        It protects you from cold.
   Regen:     It increases your rate of health regeneration.
 m - a +1 pair of boots (worn)
 y - a +0 kite shield (worn)
 E - a +0 cloak (worn)
Jewellery
 g - a ring of positive energy (right hand)
 p - a +6 ring of intelligence
 A - an amulet of reflection (around neck)
 H - a +5 ring of evasion (left hand)
Wands
 v - a wand of roots (1)
 F - a wand of flame (3)
Scrolls
 h - 5 scrolls of teleportation
 q - 3 scrolls of magic mapping
 r - a scroll of enchant weapon
 t - 2 scrolls of vulnerability
 u - a scroll of amnesia
 w - 3 scrolls of immolation
 x - 2 scrolls of enchant armour
 C - a scroll of butterflies
Potions
 f - a potion of lignification
 k - 3 potions of ambrosia
 l - 5 potions of flight
 n - 3 potions of curing
 s - a potion of attraction
 z - 4 potions of brilliance
 B - a potion of mutation
 D - a potion of cancellation
Miscellaneous
 a - a phial of floods


   Skills:
 - Level 14.4 Fighting
 + Level 6.8 Short Blades
 - Level 8.0 Armour
 - Level 2.8 Dodging
 - Level 10.0 Shields
 - Level 3.0 Unarmed Combat
 - Level 6.3 Evocations


You had 11 spell levels left.
You didn't know any spells.
Your spell library contained the following spells:

 Spells                   Type           Power      Damage    Failure   Level
 Lesser Beckoning         Tloc           0%         N/A       100%        2
 Static Discharge         Conj/Air       0%         2-2/arc   100%        2
 Call Canine Familiar     Summ           0%         N/A       100%        3
 Gell's Gravitas          Tloc           0%         N/A       100%        3
 Portal Projectile        Hex/Tloc       0%         N/A       100%        3
 Teleport Other           Tloc           0%         N/A       100%        3
 Tukima's Dance           Hex            0%         N/A       100%        3
 Airstrike                Air            0%         2d(0-16)  100%        4
 Leda's Liquefaction      Hex/Erth       0%         N/A       100%        4
 Passage of Golubria      Tloc           0%         N/A       100%        4
 Summon Lightning Spire   Summ/Air       0%         N/A       100%        4
 Yara's Violent Unravell  Hex/Tmut       0%         3d3       100%        5


Dungeon Overview and Level Annotations

Branches:
Dungeon (11/15)            Temple (1/1) D:7            Lair (0/5) D:10
    Orc (0/2) D:9         Ossuary (visited)          Bailey (visited)
  IceCv (1/1)

Altars:
Ashenzari
Cheibriados
Dithmenos
Fedhas
Gozag
Hepliaklqana
Kikubaaqudgha
Makhleb
Nemelex Xobeh
Okawaru
Qazlal
Ru
Sif Muna
Trog
Uskayaw
Vehumet
Wu Jian
Xom
Yredelemnul

Shops:
D:7 *   D:9 :   D:11 *

Annotations:
D:6 3 runed translucent doors, turtlewat's ghost, novice TrFi


Innate Abilities, Weirdness & Mutations

You have large cloven feet.
You sometimes emit foul miasma when damaged in melee.
You are completely covered in sharp spines.
You are mostly covered in razor-sharp scales. (AC +2, Slay +2)


Message History

You hit the frost giant but do no damage.
The frost giant looks as sick as possible!
The frost giant is heavily wounded.
You hit the frost giant but do no damage.
The frost giant is heavily wounded.
The frost giant gestures at you while chanting.
The bolt of cold hits you. You resist.
You hit the frost giant.
The frost giant is heavily wounded.
The frost giant points at you and mumbles some strange words.
The bolt of cold hits you. You resist.
Unknown command.
You hit the frost giant but do no damage.
The frost giant is heavily wounded.
You block the frost giant's attack.
You hit the frost giant but do no damage.
The frost giant looks as sick as possible!
The frost giant is heavily wounded.
You hit the frost giant but do no damage.
The frost giant looks as sick as possible!
The frost giant is heavily wounded.
The frost giant barely misses you.
Unknown command.
You hit the frost giant but do no damage.
The frost giant looks as sick as possible!
The frost giant is severely wounded.
The frost giant hits you with a +1 battleaxe of freezing!!
* * * LOW HITPOINT WARNING * * *
The frost giant freezes you.
* * * LOW HITPOINT WARNING * * *
You emit a cloud of foul miasma!
You hit the frost giant but do no damage.
The frost giant looks as sick as possible!
The frost giant is severely wounded.
The frost giant is engulfed in dark miasma.
The frost giant looks as sick as possible!
The frost giant is struck by your spines.
The frost giant hits you with a +1 battleaxe of freezing!!
You die...
Your body crumbles into a pile of gold.

#..#
##.#
#.
#.##
###
#.
#..#
##.
#..#
#..
##.##
#..
#..#
#..
#..##
###.#
##..#
#...#
#$@#
##..#
##C#
#...
##Yh#
###.
#.Y##
#.
#..#
##
##.##
#..#
#$##
#$$#


You could see a frost giant (extremely poisoned), 2 yaks and a wolf.

Vanquished Creatures
  An orc warlord (Bailey)
  7 death yaks (IceCv)
  A two-headed ogre (D:10)
  2 orc knights (Bailey)
  An ice statue (IceCv)
  Joseph (D:9)
  3 rime drakes (IceCv)
  A troll (D:10)
  4 polar bears (IceCv)
  3 hornets
  Grinder (D:5)
  2 shadows
  Sigmund (D:2)
  2 wraiths (D:10)
  11 yaks
  A steam dragon (D:9)
  2 vampire mosquitoes (D:10)
  An acid dragon (D:11)
  Duvessa (D:5)
  A water moccasin (D:8)
  An ice beast (D:7)
  7 orc warriors
  A sky beast (D:7)
  A black bear (D:8)
  11 wolves
  An ogre (D:6)
  A phantom (D:5)
  2 bullfrogs (D:8)
  2 gnoll sergeants
  3 kobold brigands
  3 scorpions
  4 water moccasin zombies (Ossuary)
  3 wights (D:8)
  Dowan (D:5)
  4 killer bees (D:9)
  4 electric eels (D:10)
  4 howler monkeys
  5 hounds
  A gnoll bouda (D:5)
  7 orc priests
  An iguana (D:4)
  7 orc wizards
  2 mummies (Ossuary)
  11 gnolls
  7 adders
  An ufetubus (D:4)
  3 adder zombies (Ossuary)
  4 worms
  5 dart slugs
  33 orcs
  6 ball pythons
  5 endoplasms
  3 giant cockroaches
  4 gnoll zombies (Ossuary)
  18 goblins
  13 hobgoblins
  9 jackals
  20 kobolds
  3 quokkas
  2 bats
  3 frilled lizards
  3 hobgoblin zombies (Ossuary)
  7 kobold zombies (Ossuary)
  5 orc zombies (Ossuary)
  7 rats
295 creatures vanquished.

Vanquished Creatures (others)
  2 plants (D:6)
2 creatures vanquished.

Grand Total: 297 creatures vanquished

Notes
Turn   | Place    | Note
-------+----------+-------------------------------------------
     0 | D:1      | Maxmaps the Demonspawn Monk began the quest for the Orb.
     0 | D:1      | Reached XP level 1. HP: 18/18 MP: 1/1
   115 | D:1      | Gained mutation: You are partially covered in sharp spines.
                  | [demonic ancestry]
   115 | D:1      | Reached XP level 2. HP: 20/24 MP: 2/2
   152 | D:1      | Reached skill level 1 in Armour
   472 | D:1      | Reached XP level 3. HP: 22/29 MP: 3/3
   954 | D:2      | Gained mutation: You have large cloven feet. [demonic
                  | ancestry]
   954 | D:2      | Reached XP level 4. HP: 34/35 MP: 4/4
  1340 | D:2      | Found a hazy altar of Hepliaklqana.
  1409 | D:2      | Noticed Sigmund
  1421 | D:2      | Killed Sigmund
  1422 | D:2      | Gained mutation: You may rarely emit foul miasma when
                  | damaged in melee. [demonic ancestry]
  1422 | D:2      | Reached XP level 5. HP: 25/41 MP: 5/5
  1770 | D:3      | Reached skill level 5 in Armour
  1824 | D:3      | Gained mutation: You are mostly covered in sharp spines.
                  | [demonic ancestry]
  1824 | D:3      | Reached XP level 6. HP: 47/47 MP: 6/6
  2861 | D:5      | Entered Level 5 of the Dungeon
  2977 | D:5      | Noticed Duvessa
  2980 | D:5      | Noticed Dowan
  2993 | D:5      | Killed Dowan
  2995 | D:5      | Killed Duvessa
  2996 | D:5      | Gained mutation: You sometimes emit foul miasma when
                  | damaged in melee. [demonic ancestry]
  2996 | D:5      | Reached XP level 7. HP: 17/52 MP: 7/7
  3308 | D:5      | Noticed Grinder
  3324 | D:5      | Paralysed by Grinder for 2 turns
  3329 | D:5      | Killed Grinder
  3417 | D:5      | Reached XP level 8. HP: 40/60 MP: 8/8
  3422 | D:5      | Reached skill level 4 in Fighting
  3850 | D:6      | Found a sand-covered staircase.
  3854 | Ossuary  | Entered an ossuary
  3927 | Ossuary  | Reached skill level 5 in Fighting
  4013 | Ossuary  | Reached skill level 6 in Fighting
  4047 | Ossuary  | Reached skill level 7 in Fighting
  4290 | D:6      | Reached skill level 8 in Fighting
  4525 | D:6      | Reached skill level 9 in Fighting
  4612 | D:6      | Found a stormy altar of Qazlal.
  4967 | D:6      | Found a runed translucent gate.
  4967 | D:6      | Found a runed translucent gate.
  4967 | D:6      | Found a runed translucent gate.
  4968 | D:6      | Noticed a kobold demonologist
  4968 | D:6      | Noticed turtlewat's ghost (novice TrFi)
  5085 | D:7      | Noticed a hornet
  5088 | D:7      | Paralysed by a hornet for 3 turns
  5093 | D:7      | Killed a hornet
  5094 | D:7      | Reached skill level 10 in Fighting
  5382 | D:7      | Reached skill level 11 in Fighting
  5382 | D:7      | Reached XP level 9. HP: 65/81 MP: 9/9
  5498 | D:7      | Found a staircase to the Ecumenical Temple.
  6032 | D:7      | Reached skill level 12 in Fighting
  6174 | D:7      | Found Zomait's Assorted Antiques.
  6442 | D:8      | Reached skill level 13 in Fighting
  6947 | D:8      | Reached skill level 14 in Fighting
  7036 | D:8      | Found an ancient bone altar of Kikubaaqudgha.
  7288 | Temple   | Entered the Ecumenical Temple
  7358 | Temple   | Became a worshipper of Gozag Ym Sagoz the Greedy
  7396 | D:9      | Found a flagged portal.
  7432 | Bailey   | Entered a bailey
  7552 | Bailey   | Noticed an orc knight
  7570 | Bailey   | Killed an orc knight
  7571 | Bailey   | Gained mutation: You are completely covered in sharp
                  | spines. [demonic ancestry]
  7571 | Bailey   | Reached XP level 10. HP: 45/95 MP: 10/10
  7736 | Bailey   | Noticed an orc knight
  7751 | Bailey   | Killed an orc knight
  7752 | Bailey   | Reached skill level 5 in Shields
  8117 | Bailey   | Noticed an orc warlord
  8142 | Bailey   | Killed an orc warlord
  8360 | D:9      | Found a sacrificial altar of Ru.
  8570 | D:9      | Noticed Joseph
  8589 | D:9      | Killed Joseph
  8861 | D:9      | Found a staircase to the Orcish Mines.
  8889 | D:9      | Found Zajae's Tiny Tomes.
  8985 | D:10     | Entered Level 10 of the Dungeon
  9253 | D:10     | Noticed a two-headed ogre
  9260 | D:10     | Killed a two-headed ogre
  9261 | D:10     | Gained mutation: You are partially covered in razor-sharp
                  | scales. (AC +1, Slay +1) [demonic ancestry]
  9261 | D:10     | Reached XP level 11. HP: 68/101 MP: 11/11
  9586 | D:10     | Found a staircase to the Lair.
  9740 | D:10     | Reached skill level 10 in Shields
  9927 | D:10     | Reached skill level 1 in Evocations
 10478 | D:11     | Found a frozen archway.
 10527 | D:11     | Acquired 1110 gold pieces
 10532 | D:11     | Bought an aquamarine-encrusted plate armour for 700 gold
                  | pieces
 10532 | D:11     | Identified the +0 plate armour of Loss {rC+ Regen+} (You
                  | bought it in a shop on level 11 of the Dungeon)
 10550 | IceCv    | Entered an ice cave
 10709 | IceCv    | Noticed a death yak
 10730 | IceCv    | Reached skill level 5 in Evocations
 10743 | IceCv    | Killed a death yak
 10850 | IceCv    | Noticed a death yak
 10868 | IceCv    | Killed a death yak
 11225 | IceCv    | HP: 3/101 [ice beast[an ice statue] (5)]
 11300 | IceCv    | Noticed a death yak
 11320 | IceCv    | Killed a death yak
 11367 | IceCv    | Noticed a death yak
 11369 | IceCv    | Noticed a death yak
 11371 | IceCv    | Noticed a death yak
 11392 | IceCv    | Killed a death yak
 11393 | IceCv    | Reached skill level 5 in Short Blades
 11508 | IceCv    | Killed a death yak
 11522 | IceCv    | Killed a death yak
 11523 | IceCv    | Gained mutation: You are mostly covered in razor-sharp
                  | scales. (AC +2, Slay +2) [demonic ancestry]
 11523 | IceCv    | Reached XP level 12. HP: 46/108 MP: 12/12
 11622 | IceCv    | Noticed a death yak
 11622 | IceCv    | Noticed a frost giant
 11646 | IceCv    | Killed a death yak
 11789 | IceCv    | Slain by a frost giant

Illustrated notes

Levels and vault maps discovered:
D:1:      eino_arrival_cavern_b, layout_rooms
D:2:      layout_basic, basic_altar, uniq_sigmund
D:3:      layout_loops_cross, hangedman_decor_peaks_small,
          minmay_fractal_squares_gapless_5
D:4:      layout_basic
D:5:      layout_basic, minmay_manual_moon, uniq_grinder, uniq_duvessa
D:6:      layout_gridville, general_overflow_altar,
          gammafunk_ghost_nasty_kobolds, nicolae_ossuary_entry_plus
D:7:      layout_gridville, minmay_temple_entry_from_below_a, serial_shops,
          shop, minmay_misc_feat_nine_boxes
D:8:      layout_basic, mainiacjoe_overflow_alcove_4, zin_scriptorium
D:9:      layout_cave_pools, mainiacjoe_overflow_alcove_2, enter_bailey_2,
          nicolae_shop_i_like_small_books_too, uniq_joseph
D:10:     layout_basic, erik_lair_island
D:11:     layout_irregular_city, portal_ice_cave_entry_pillars_1, uniq_grum
Temple:   dpeg_three_leaves_temple
IceCv:    ice_cave_small_giant

Skill      XL: |  1  2  3  4  5  6  7  8  9 10 11 |
---------------+----------------------------------+-----
Unarmed Combat | 3 |  3.0
Armour         | 1 2 4 5 6 8 |  8.0
Fighting       | 11 14 | 14.4
Shields        | 4 9 10 | 10.0
Evocations     | 6 |  6.3
Short Blades   | 6 |  6.8
Dodging        | |  2.8

Action                     |  1- 3 |  4- 6 |  7- 9 | 10-12 || total
---------------------------+-------+-------+-------+-------++-------
  Melee: Unarmed           |    95 |    87 |    23 |       ||   205
         Kick              |       |    45 |       |       ||    45
         Short sword       |       |       |   282 |   484 ||   766
 Invoke: Potion Petition   |       |       |       |     2 ||     2
         Call Merchant     |       |       |       |     1 ||     1
  Evoke: Wand              |       |       |     5 |    13 ||    18
    Use: Potion            |       |     5 |     6 |     5 ||    16
         Scroll            |       |       |    16 |    12 ||    28
   Stab: Distracted        |       |       |       |     1 ||     1
 Armour: Robe              |     6 |       |       |       ||     6
         Plate armour      |    19 |    58 |   198 |   199 ||   474
         Skin              |       |       |    22 |       ||    22
  Dodge: Dodged            |    49 |     8 |    62 |    65 ||   184
  Block: Kite shield       |       |       |    30 |   438 ||   468
         Reflection        |       |       |       |     6 ||     6

Table legend: (Time is in decaauts)
 A = Elapsed time spent in this place.
 B = Non-inter-level travel time spent in this place.
 C = Inter-level travel time spent in this place.
 D = Time resting spent in this place.
 E = Time spent auto-exploring this place.
 F = Levels seen in this place.
 G = Mean time per level.
                   A        B        C        D        E       F      G
               +--------+--------+--------+--------+--------+-----+--------+
         Total |  11808 |  11401 |    407 |   2490 |   6506 |  15 |  787.2 |
       Dungeon |   9264 |   8871 |    393 |   1470 |   5893 |  11 |  842.2 |
        Temple |     79 |     65 |     14 |      0 |     55 |   1 |   79.0 |
       Ossuary |    374 |    374 |      0 |    139 |     95 |   1 |  374.0 |
        Bailey |    852 |    852 |      0 |    408 |    117 |   1 |  852.0 |
      Ice Cave |   1237 |   1237 |      0 |    472 |    346 |   1 | 1237.0 |
               +--------+--------+--------+--------+--------+-----+--------+

Top non-repeatable levels by time:
    D:10: 1427 daAuts
     D:7: 1336 daAuts
   IceCv: 1237 daAuts
     D:2: 924 daAuts
     D:6: 924 daAuts
     D:8: 919 daAuts
     D:5: 884 daAuts
  Bailey: 852 daAuts
     D:9: 744 daAuts
     D:4: 687 daAuts
     D:1: 668 daAuts
     D:3: 570 daAuts
 Ossuary: 374 daAuts
    D:11: 177 daAuts
  Temple: 79 daAuts
